 Dungeon Crawl Stone Soup version 0.31-a0-1-g4198be8af4 (webtiles) character file.

Game seed: 709598673313706410

198 Maxmaps the Conjurer (level 5, -3/35 HPs)
             Began as a Demonspawn Conjurer on May 2, 2023.
             Killed by divine providence
             ... invoked by an orc priest
              (13 damage)
             ... on level 4 of the Dungeon.
             The game lasted 00:04:20 (2798 turns).

Maxmaps the Conjurer (Demonspawn Conjurer)          Turns: 2798, Time: 00:04:20

Health: -3/35      AC:  9    Str: 14    XL:     5   Next: 47%
Magic:  1/9        EV: 11    Int: 21    God:
Gold:   208        SH:  4    Dex: 11    Spells: 9/10 levels left

rFire   . . .        (no weapon)
rCold   . . .        c - +0 buckler
rNeg    . . .        a - +0 robe
rPois   .            (no helmet)
rElec   .            o - +0 cloak
rCorr   .            (no gloves)
SInv    .            (no boots)
Will    .....        (no amulet)
Stlth   ++           j - +6 ring of strength
HPRegen 0.25/turn    n - +4 ring of protection
MPRegen 0.11/turn

%: no passive effects
@: brilliant, flying
A: claws 1, sharp scales 2
a: no special abilities


You were on level 4 of the Dungeon.
You visited 1 branch of the dungeon, and saw 4 of its levels.

You collected 208 gold pieces.

Inventory:

Armour
 a - a +0 robe (worn)
 c - a +0 buckler (worn)
 o - a +0 cloak (worn)
Jewellery
 j - a +6 ring of strength (left claw)
 n - a +4 ring of protection (right claw)
Scrolls
 d - 9 scrolls of identify {unknown}
 e - 2 scrolls of poison {unknown}
 f - 2 scrolls of fog {unknown}
 h - 3 scrolls of fear {unknown}
 i - 2 scrolls of magic mapping {unknown}
 k - a scroll of teleportation {unknown}
Potions
 b - a potion of haste
 g - a potion of curing


   Skills:
 - Level 1.7 Dodging
 - Level 1.7 Stealth
 - Level 4.0 Shields
 + Level 3.3 Spellcasting
 - Level 4.0 Conjurations


You had 9 spell levels left.
You knew the following spells:

 Your Spells              Type           Power      Damage    Failure   Level
a - Magic Dart            Conj           100%       1d8       3%          1

Your spell library contained the following spells:

 Spells                   Type           Power      Damage    Failure   Level
 Searing Ray              Conj           60%        2d6       4%          2
 Dazzling Flash           Conj/Hex       34%        N/A       22%         3
 Fulminant Prism          Conj/Hex       8%         3d7       58%         4
 Iskenderun's Mystic Bla  Conj/Tloc      17%        2d5       58%         4


Dungeon Overview and Level Annotations

Branches:
Dungeon (4/15)
 Temple: D:4-7

Altars:


Innate Abilities, Weirdness & Mutations

You have sharp fingernails.
You are mostly covered in razor-sharp scales. (AC +2, Slay +2)


Message History

Beogh smites you! You block the orc's attack.
You closely miss the orc. You block the orc's attack.
You scratch the orc but do no damage. You block the orc's attack.
It was a potion of flight.
You feel very buoyant.
You fly up into the air.
The orc hits you with a +0 mace.
* * * LOW HITPOINT WARNING * * *
It was a potion of brilliance.
You feel clever all of a sudden. The orc hits you with a +0 mace.
* * * LOW HITPOINT WARNING * * *
You feel better. The orc closely misses you.
Casting: Magic Dart (safe; 3% risk of failure)
Confirm with . or Enter, or press ? or * to list all spells.
Aiming: Magic Dart (safe; 3% risk of failure)
Press: ? - help, Shift-Dir - straight line, f/p - orc priest
Aim: an orc priest, wielding a +0 dagger and wearing a +0 chain mail (lightly wounded, 100% to hit)
You feel a surge of power!
The magic dart hits the orc.
The orc is heavily wounded.
The orc hits you but does no damage.
Unknown command.
Casting: Magic Dart (safe; 3% risk of failure)
Confirm with . or Enter, or press ? or * to list all spells.
Aiming: Magic Dart (safe; 3% risk of failure)
Press: ? - help, Shift-Dir - straight line, f/p - orc priest
Aim: an orc priest, wielding a +0 dagger and wearing a +0 chain mail (lightly wounded, 100% to hit)
You feel a surge of power!
The magic dart hits the orc!
You kill the orc!
You barely miss the orc priest.
The orc priest is lightly wounded.
The orc priest hits you with a +0 dagger.
You scratch the orc priest but do no damage.
The orc priest is lightly wounded.
The orc priest hits you with a +0 dagger.
* * * LOW HITPOINT WARNING * * *
You completely miss the orc priest.
The orc priest is lightly wounded.
The orc priest calls down the wrath of Beogh upon you.
Beogh smites you!
You die...

#######.# ..... .
#........ ...# .
#.##.##.# .#.# .#
#.##.# ..##. #.
#....# .... ####.
#.##.# #..
..##.##..... # #o#
##.##.......#
#.#@####........####
#......#..####..##
###.##...........##
#.####..####.#..#
#............##.##
##############....
#≈.... #≈≈..#
#≈≈§..#


You could see an orc priest.

Vanquished Creatures
  A phantom (D:3)
  A scorpion (D:3)
  2 adders
  A worm (D:3)
  A dart slug (D:1)
  3 orcs
  3 endoplasms
  3 giant cockroaches
  8 goblins
  4 hobgoblins
  A jackal (D:3)
  A quokka (D:1)
  4 ball pythons
  4 bats
  4 frilled lizards
  2 kobolds
  7 rats
50 creatures vanquished.

Notes
Turn   | Place    | Note
-------+----------+-------------------------------------------
     0 | D:1      | Maxmaps the Demonspawn Conjurer began the quest for the
                  | Orb.
     0 | D:1      | Reached XP level 1. HP: 13/13 MP: 3/3
   139 | D:1      | Reached skill level 1 in Shields
   261 | D:1      | Gained mutation: You have sharp fingernails. [demonic
                  | ancestry]
   261 | D:1      | Reached XP level 2. HP: 19/19 MP: 1/5
  1098 | D:2      | Identified the +1 robe "Madyi" {Str+4}
  1128 | D:2      | Reached XP level 3. HP: 24/24 MP: 2/6
  2145 | D:3      | Noticed a scorpion
  2165 | D:3      | Killed a scorpion
  2166 | D:3      | Gained mutation: You are partially covered in razor-sharp
                  | scales. (AC +1, Slay +1) [demonic ancestry]
  2166 | D:3      | Reached XP level 4. HP: 11/30 MP: 1/7
  2426 | D:3      | Found a faded altar of an unknown god.
  2515 | D:3      | Noticed a phantom
  2538 | D:3      | Killed a phantom
  2539 | D:3      | Gained mutation: You are mostly covered in razor-sharp
                  | scales. (AC +2, Slay +2) [demonic ancestry]
  2539 | D:3      | Reached XP level 5. HP: 26/35 MP: 2/9
  2798 | D:4      | Killed from afar by an orc priest

Illustrated notes

Levels and vault maps discovered:
D:1:      lightli_arrival_statue_moat, layout_basic
D:2:      layout_basic, grunt_ministairs_13
D:3:      minmay_angry_zag, layout_loops_ring,
          shapermc_ecumenical_altar_mp_vishouse, dreamdust_wishing_well
D:4:      wad_river_or_something, layout_loops_cross, minmay_temple_entry_fiery,
          hangedman_decor_riveting

Skill      XL: |  1  2  3  4 |
---------------+-------------+-----
Shields        | 1 2 4 |  4.0
Spellcasting   | 3 |  3.3
Dodging        | |  1.7
Stealth        | |  1.7
Conjurations   | |  4.0

Action                     |  1- 3 |  4- 6 || total
---------------------------+-------+-------++-------
  Melee: Unarmed           |     2 |    29 ||    31
   Cast: Magic Dart        |    92 |    24 ||   116
    Use: Potion            |     2 |     4 ||     6
 Armour: Robe              |     7 |    13 ||    20
  Dodge: Dodged            |     8 |    10 ||    18
  Block: Buckler           |     6 |     5 ||    11

Table legend: (Time is in decaauts)
 A = Elapsed time spent in this place.
 B = Non-inter-level travel time spent in this place.
 C = Inter-level travel time spent in this place.
 D = Time resting spent in this place.
 E = Time spent auto-exploring this place.
 F = Levels seen in this place.
 G = Mean time per level.
                   A        B        C        D        E       F      G
               +--------+--------+--------+--------+--------+-----+--------+
         Total |   2797 |   2729 |     68 |    192 |   2200 |   4 |  699.2 |
       Dungeon |   2797 |   2729 |     68 |    192 |   2200 |   4 |  699.2 |
               +--------+--------+--------+--------+--------+-----+--------+

Top non-repeatable levels by time:
     D:3: 1038 daAuts
     D:1: 919 daAuts
     D:2: 763 daAuts
     D:4: 77 daAuts
